 Dungeon Crawl Stone Soup version 0.24.0-13-gcf9b3192b9 (webtiles) character file.

Game seed: 13573947242714185240, levelgen mode: deterministic

22 Aviak the Sneak (level 2, -1/17 HPs)
             Began as an Octopode Enchanter on Nov 6, 2019.
             Slain by a hobgoblin (4 damage)
             ... on level 1 of the Dungeon.
             The game lasted 00:00:34 (599 turns).

Aviak the Sneak (Octopode Enchanter)                 Turns: 599, Time: 00:00:35

Health: -1/17      AC:  1    Str:  7    XL:     2   Next: 91%
Magic:  3/5        EV: 13    Int: 17    God:
Gold:   5          SH:  0    Dex: 12    Spells: 2/5 levels left

rFire    . . .     SeeInvis .   a - +1 dagger
rCold    . . .     Gourm    .   (no shield)
rNeg     . . .     Faith    .   (helmet restricted)
rPois    .         Spirit   .   (no amulet)
rElec    .         Reflect  .   (no ring)
rCorr    .         Harm     .   (no ring)
MR       .....                  (no ring)
Stlth    ++++......             (no ring)
HPRegen  0.05/turn              (no ring)
MPRegen  0.09/turn              (no ring)
                                (no ring)
                                (no ring)

@: very slightly contaminated
A: almost no armour, stealthy swim, amphibious, 8 rings, constrict 8, camouflage
1, gelatinous body 1
a: no special abilities


You were on level 1 of the Dungeon.
You were not hungry.

You visited 1 branch of the dungeon, and saw 1 of its levels.

You collected 5 gold pieces.

Inventory:

Hand Weapons
 a - a +1 dagger (weapon)
Jewellery
 d - an uncursed amulet of magic regeneration
Scrolls
 b - 2 scrolls of identify {unknown}
 e - a scroll of remove curse {unknown}
Potions
 f - 2 potions of brilliance {unknown}
Comestibles
 c - 5 rations


   Skills:
 + Level 1.4 Short Blades
 + Level 2.3 Dodging
 + Level 4.3 Stealth
 + Level 2.2 Spellcasting
 + Level 3.2 Hexes


You had 2 spell levels left.
You knew the following spells:

 Your Spells              Type           Power        Failure   Level  Hunger
a - Corona                Hex            ##.....      4%          1    #......
b - Ensorcelled Hibernat  Hex/Ice        #.....       14%         2    ###....

Your spell library contained the following spells:

 Spells                   Type           Power        Failure   Level  Hunger
 Confuse                  Hex            ##......     16%         3    ###....
 Tukima's Dance           Hex            ##......     16%         3    ###....
 Dazzling Spray           Conj/Hex       #.....       28%         3    ###....


Dungeon Overview and Level Annotations

Branches:
Dungeon (1/15)

Altars:


Innate Abilities, Weirdness & Mutations

You cannot wear most types of armour.
You are very stealthy in the water. (Stealth+)
You are amphibious.
You can wear up to eight rings at the same time.
You can use your tentacles to constrict eight enemies at once.
Your skin changes colour to match your surroundings (Stealth+).
Your rubbery body absorbs attacks. (AC +1, EV +1)


Message History

You hit the kobold but do no damage. You grab the kobold.
You constrict the kobold. The kobold barely misses you. The hobgoblin hits you.
You hit the kobold.
You squeeze the kobold, but do no damage.
The kobold is heavily wounded.
You constrict the kobold. The kobold hits you.
The hobgoblin closely misses you.
You hit the kobold.
You kill the kobold!
The hobgoblin hits you.
* * * LOW HITPOINT WARNING * * *
Casting: Ensorcelled Hibernation (safe; 14% risk of failure)
Confirm with . or Enter, or press ? or * to list all spells.
Aiming: Ensorcelled Hibernation (safe; 14% risk of failure)
Press: ? - help, Shift-Dir - straight line, f - hobgoblin
Aim: a hobgoblin (chance to defeat MR: 56%)
You miscast Ensorcelled Hibernation.
You are very lightly contaminated with residual magic.
A chill runs through your body. The hobgoblin hits you.
You die...

#####.....# #..#
#.#.........#
#.....###..#####.#.........#
#................#.........#
#............# ..#.........#
####.........##............#
#.........##... .
#......##.##....#
#..........#.....
#........@..#
#...##.$..g...... #...
#=...(...#.. #### #........#
###......+ #......# #......#
#).....#


You could see a hobgoblin.

Vanquished Creatures
  A dart slug (D:1)
  A leopard gecko (D:1)
  4 bats (D:1)
  2 goblins (D:1)
  5 hobgoblins (D:1)
  2 frilled lizards (D:1)
  2 kobolds (D:1)
17 creatures vanquished.

Notes
Turn   | Place    | Note
-------+----------+-------------------------------------------
     0 | D:1      | Aviak the Octopode Enchanter began the quest for the Orb.
     0 | D:1      | Reached XP level 1. HP: 11/11 MP: 3/3
    72 | D:1      | Reached XP level 2. HP: 14/17 MP: 5/5
    89 | D:1      | Learned a level 2 spell: Ensorcelled Hibernation
   599 | D:1      | Slain by a hobgoblin

Levels and vault maps discovered:
D:1:      dpeg_arrival_connections, layout_basic, minmay_misc_feat_chi

Action                   || total
-------------------------++-------
Melee: Dagger            ||    36
       Constrict         ||     9
       Tentacles         ||     4
 Cast: Corona            ||     1
       Ensorcelled Hiber ||     1
 Stab: Sleeping          ||     6
Armor: Skin              ||     1
Dodge: Dodged            ||    17
